 Dungeon Crawl Stone Soup version 0.21.1-1-g345015f (webtiles) character file.

35 Monsterracer the Firebug (level 3, 0/19 HPs)
             Began as a Deep Elf Fire Elementalist on June 6, 2018.
             Succumbed to an adder's poison
             ... on level 2 of the Dungeon on June 7, 2018.
             The game lasted 00:03:41 (769 turns).

Monsterracer the Firebug (DEFE)                      Turns: 769, Time: 00:03:41

Health: 0/19       AC:  2    Str: 10    XL:     3   Next: 17%
Magic:  3/9        EV: 13    Int: 20    God:
Gold:   38         SH:  0    Dex: 15    Spells: 4/8 levels left

rFire    . . .     SeeInvis .   h - +0 dagger
rCold    . . .     Gourm    .   (no shield)
rNeg     . . .     Faith    .   a - +0 robe
rPois    .         Spirit   .   (no helmet)
rElec    .         Reflect  .   (no cloak)
rCorr    .         Harm     .   (no gloves)
MR       .....                  (no boots)
Stlth    ++........             (no amulet)
HPRegen  0.06/turn              (no ring)
MPRegen  0.11/turn              (no ring)

@: mighty, lethally poisoned (0 -> -13)
A: no striking features
a: no special abilities


You were on level 2 of the Dungeon.
You were not hungry.

You visited 1 branch of the dungeon, and saw 3 of its levels.

You collected 38 gold pieces.

Inventory:

Hand Weapons
 h - a +0 dagger (weapon)
Armour
 a - a +0 robe (worn)
Scrolls
 g - 3 scrolls of remove curse {unknown}
 i - a scroll of magic mapping {unknown}
 j - a scroll of enchant weapon {unknown}
Books
 b - a book of Flames

   Spells                             Type                      Level
   a - Flame Tongue                   Conjuration/Fire             1
   b - Throw Flame                    Conjuration/Fire             2
   c - Conjure Flame                  Conjuration/Fire             3
   d - Inner Flame                    Hexes/Fire                   3
   e - Sticky Flame                   Conjuration/Fire             4
   f - Fireball                       Conjuration/Fire             5
Comestibles
 c - 3 rations


   Skills:
 - Level 2.4 Dodging
 - Level 2.4 Stealth
 + Level 3.4 Spellcasting
 * Level 2.3 Conjurations
 * Level 3.9 Fire Magic


You had 4 spell levels left.
You knew the following spells:

 Your Spells              Type           Power        Failure   Level  Hunger
a - Flame Tongue          Conj/Fire      ###..        3%          1    None
b - Conjure Flame         Conj/Fire      ###.....     11%         3    ###....


Dungeon Overview and Level Annotations

Branches:
Dungeon (3/15)

Altars:

Annotations:
D:3 Robin


Message History

Nothing appears to happen.
The giant cockroach misses you.
You now have 3/9 mp.
Casting: Flame Tongue
Confirm with . or Enter, or press ? or * to list all spells.
Aiming: Flame Tongue
Press: ? - help, Shift-Dir - straight line, f/p - giant cockroach
Aim: a giant cockroach (clinging)
The flame tongue hits the giant cockroach.
You kill the giant cockroach!
You now have 2/9 mp.
Casting: Flame Tongue
Confirm with . or Enter, or press ? or * to list all spells.
You can't see any susceptible monsters within range! (Use Z to cast anyway.) Unknown command.
Saving game... please wait.
Welcome back, Monsterracer the Deep Elf Fire Elementalist.
Press ? for a list of commands and other information.
An adder comes into view.
A goblin comes into view. It is wielding a club.
You start resting.
HP restored.
Health restored: 19 Your magical contamination has completely faded away.
A bat, an adder, 2 goblins and a hobgoblin come into view.
The hobgoblin shouts!
The adder hisses angrily.
The goblin shouts!
You hear a shout! x4; The goblin shouts!
Found 24 bolts.
A goblin, a hobgoblin and Robin come into view. 2 goblins and a hobgoblin come into view.
The goblin shouts!
The bat barely misses you. Robin throws the goblin at you!
You hear a shout!
A goblin comes into view.
You take 1 damage, and have 18/19 hp.
The bat barely misses you.
The goblin moves out of view.
The bat misses you. The bat hits you.
You take 1 damage, and have 17/19 hp.
The bat closely misses you. x2
The bat closely misses you. The bat hits you but does no damage.
The bat hits you.
You take 1 damage, and have 16/19 hp.
The bat closely misses you. The bat hits you but does no damage.
The bat hits you but does no damage. The bat closely misses you.
There is a stone staircase leading up here.
The adder closely misses you. The bat hits you but does no damage.
The adder misses you.
You climb upwards.
There is a stone staircase leading down here.
Cast which spell? (? or * to list)
Aiming: Flame Tongue
Press: ? - help, Shift-Dir - straight line, f - adder
Aim: an adder The flame tongue hits the adder.
The adder is heavily wounded.
The adder closely misses you.
You now have 5/9 mp.
Casting: Flame Tongue
Confirm with . or Enter, or press ? or * to list all spells.
Aiming: Flame Tongue
Press: ? - help, Shift-Dir - straight line, f/p - adder
Aim: an adder (heavily wounded)
The flame tongue misses the adder.
The adder bites you.
You take 2 damage, and have 15/19 hp.
You now have 4/9 mp.
Casting: Flame Tongue
Confirm with . or Enter, or press ? or * to list all spells.
Aiming: Flame Tongue
Press: ? - help, Shift-Dir - straight line, f/p - adder
Aim: an adder (heavily wounded)
The flame tongue hits the adder.
The adder is heavily wounded.
The adder bites you.
You are poisoned.
The adder poisons you! The adder bites you.
* * * LOW HITPOINT WARNING * * *
You are lethally poisoned!
The adder poisons you!
You take 6 damage, and have 9/19 hp.
MASSIVE DAMAGE!!
You now have 3/9 mp.
It was a potion of flight.
You feel very buoyant.
You fly up into the air.
* * * LOW HITPOINT WARNING * * *
You feel sick. The adder bites you.
* * * LOW HITPOINT WARNING * * *
You take 4 damage, and have 5/19 hp.
MASSIVE DAMAGE!!
It was a potion of cancellation.
Your magical effects are unravelling.
You feel magically purged.
You float gracefully downwards.
* * * LOW HITPOINT WARNING * * *
You feel sick. The adder bites you.
* * * LOW HITPOINT WARNING * * *
You are more poisoned.
The adder poisons you!
You take 4 damage, and have 1/19 hp.
MASSIVE DAMAGE!!
It was a potion of might.
You feel very mighty all of a sudden.
You die...

#.......###
#.......#.. #
.......#.##### .#
#.....#.#...# .#
.####.(..#.#.#.# #.#
.........#.#†#.####..#
.........#.†.........#
........S@<#.#.......#
#.......###.######.##
+..............# .#
#..............# .#
................# ..
................# ##
......#...........
......#..##########
####.##..#


You could see an adder.

Vanquished Creatures
  A dart slug (D:2)
  4 bats
  A giant cockroach (D:3)
  3 goblins
  3 hobgoblins (D:1)
  10 jackals
  2 kobolds
  A frilled lizard (D:1)
  2 rats (D:1)
27 creatures vanquished.

Notes
Turn   | Place    | Note
-------+----------+-------------------------------------------
     0 | D:1      | Monsterracer the Deep Elf Fire Elementalist began the quest for the Orb.
     0 | D:1      | Reached XP level 1. HP: 10/10 MP: 6/6
   206 | D:1      | Reached XP level 2. HP: 10/15 MP: 5/8
   673 | D:2      | Reached XP level 3. HP: 16/19 MP: 5/9
   685 | D:2      | Learned a level 3 spell: Conjure Flame
   750 | D:3      | Noticed Robin
   766 | D:2      | HP: 9/19 [adder (5)]
   768 | D:2      | HP: 4/19 [poisoned by an adder]
   768 | D:2      | HP: 1/19 [adder (3)]
   769 | D:2      | Succumbed to an adder's poison

Skill      XL: |  1  2 |
---------------+-------+-----
Conjurations   | 2 |  2.3
Dodging        | |  2.4
Stealth        | |  2.4
Spellcasting   | |  3.4
Fire Magic     | |  3.9

Action                   || total
-------------------------++-------
Melee: Unarmed           ||    11
       Dagger            ||     1
 Cast: Flame Tongue      ||    50
  Use: Potion            ||     3
Armor: Robe              ||    14
Dodge: Dodged            ||    64

Vault maps used:
D:1:      giann_forest_graveyard, minmay_stone_trees_small
D:2:      grunt_ministairs_1
D:3:      first_ration, uniq_robin, uniq_natasha, uniq_terence, uniq_grinder
